 Dungeon Crawl Stone Soup version 0.26.1-11-gd32895ea62 (webtiles) character file.

Game seed: 4949536657164018712

235 dtburroughs the Chopper (level 5, -2/48 HPs)
             Began as a Minotaur Berserker on July 24, 2021.
             Was a Believer of Trog.
             Slain by a thrashing horror (6 damage)
             ... on level 1 of the Abyss.
             The game lasted 00:04:29 (2591 turns).

dtburroughs the Chopper (Minotaur Berserker)        Turns: 2591, Time: 00:04:30

Health: -2/48      AC: 10    Str: 21    XL:     5   Next: 76%
Magic:  4/4        EV:  9    Int:  5    God:    Trog [**....]
Gold:   93         SH:  0    Dex: 10    Spells: 4/4 levels left

rFire    . . .     SeeInvis .   a - +0 hand axe
rCold    . . .     Faith    .   (no shield)
rNeg     . . .     Spirit   .   c - +0 chain mail
rPois    .         Reflect  .   (helmet restricted)
rElec    .         Harm     .   q - +0 cloak
rCorr    .         Rampage  .   (no gloves)
Will     .....                  (no boots)
Stlth    ..........             (no amulet)
HPRegen  0.16/turn              (no ring)
MPRegen  0.09/turn              (no ring)

@: berserk cooldown
A: retaliatory headbutt, horns 2
a: Renounce Religion, Berserk, Trog's Hand


You were on level 1 of the Abyss.
You worshipped Trog.
Trog was pleased with you.
You visited 1 branch of the dungeon, and saw 3 of its levels.
You visited the Abyss 1 time.

You collected 93 gold pieces.

Inventory:

Hand Weapons
 a - a +0 hand axe (weapon)
Armour
 c - a +0 chain mail (worn)
 q - a +0 cloak (worn)
Scrolls
 d - a scroll of amnesia {unknown}
 e - a scroll of noise {unknown}
 g - 2 scrolls of remove curse {unknown}
 h - 4 scrolls of identify {unknown}
 l - a scroll of enchant weapon {unknown}
 n - a scroll of fear {unknown}
 o - a scroll of magic mapping {unknown}
 p - 3 scrolls of teleportation {unknown}
Potions
 b - a potion of brilliance {unknown}
 f - 2 potions of heal wounds {unknown}
 i - a potion of mutation {unknown}
 j - a potion of curing {unknown}
 k - a potion of magic {unknown}
 m - 2 potions of attraction {unknown}


   Skills:
 + Level 5.0 Fighting
 + Level 5.0 Axes
 + Level 4.1 Armour
 + Level 3.8 Dodging


You had 4 spell levels left.
You didn't know any spells.
Your spell library was empty.

Dungeon Overview and Level Annotations

Branches:
Dungeon (3/15)

Altars:
Gozag
Trog

Annotations:
D:3 Sigmund


Innate Abilities, Weirdness & Mutations

You reflexively headbutt those who attack you in melee.
You have a pair of horns on your head.


Message History

The thrashing horror closely misses you.
The thrashing horror tramples you but does no damage.
Tentacles burst from the starspawn's body! 2 starspawn tentacles come into view.
The thrashing horror roars!
The thrashing horror tramples you!
* * * LOW HITPOINT WARNING * * *
You stumble backwards!
The starspawn tentacle grabs you. The starspawn tentacle constricts you.
You escape the starspawn tentacle's grasp.
The thrashing horror tramples you!
* * * LOW HITPOINT WARNING * * *
You stumble backwards!
The thrashing horror roars!
You hear a shout!
A neqoxec comes into view.
A tentacle flies out from the starspawn's body!
A starspawn tentacle comes into view.
The thrashing horror tramples you but does no damage.
The thrashing horror tramples you.
You die...

. #..# ... ##... ...
..#...§... .
.............#.§3.....
...... .......§..§.....§
.....§......#.§...§.#...
. ...§...#...§..§......
...§§#....§....>...§....
. #§.§.....?§Λ..§....#..
.....§....#§/.─w@...§.#.
...§......§/...X.§.....#
.....#....X......§§....#
§..#.§§..w..............
##§§...§#§.§.....#....§.
. ... ..}#..§...§...§..#
.........§?..§.§..§....§
.....§........§.#..#....
... ........#.§.........


You could see a tentacled starspawn, a thrashing horror, a neqoxec and 2
starspawn tentacles.

Vanquished Creatures
  2 orc priests (D:2)
  Crazy Yiuf (D:2)
  An orc wizard (D:2)
  3 gnolls (D:2)
  4 adders
  2 oozes
  2 worms
  2 dart slugs (D:2)
  A leopard gecko (D:1)
  2 orcs (D:2)
  5 bats
  A giant cockroach (D:3)
  8 goblins
  3 hobgoblins
  A frilled lizard (D:2)
  3 kobolds
  4 rats
45 creatures vanquished.

Vanquished Creatures (others)
  3 starspawn tentacles (Abyss:1)
3 creatures vanquished.

Grand Total: 48 creatures vanquished

Notes
Turn   | Place    | Note
-------+----------+-------------------------------------------
     0 | D:1      | dtburroughs the Minotaur Berserker began the quest for the
                  | Orb.
     0 | D:1      | Reached XP level 1. HP: 19/19 MP: 0/0
    57 | D:1      | Reached XP level 2. HP: 18/27 MP: 1/1
   695 | D:2      | Found a bloodstained altar of Trog.
   822 | D:2      | Reached XP level 3. HP: 19/33 MP: 2/2
  1187 | D:2      | Reached XP level 4. HP: 41/41 MP: 3/3
  1237 | D:2      | Found an opulent altar of Gozag.
  1465 | D:2      | Reached ** piety under Trog
  1659 | D:2      | Reached XP level 5. HP: 7/47 MP: 4/4
  2037 | D:2      | Found a runed translucent door.
  2038 | D:2      | Noticed Crazy Yiuf
  2099 | D:2      | Killed Crazy Yiuf
  2100 | D:2      | Reached skill level 5 in Axes
  2316 | D:3      | Reached skill level 5 in Fighting
  2506 | D:3      | Noticed Sigmund
  2550 | D:3      | Cast into level 1 of the Abyss (Sigmund)
  2579 | Abyss:1  | Noticed a tentacled starspawn
  2583 | Abyss:1  | Noticed a thrashing horror
  2590 | Abyss:1  | Noticed a neqoxec
  2591 | Abyss:1  | Slain by a thrashing horror

Illustrated notes

Levels and vault maps discovered:
D:1:      shiori_angband_town, layout_rooms
D:2:      layout_loops_cross, nicolae_gozag_cash_rules_everything_around_me,
          bloody_trog, uniq_crazy_yiuf_cottage
D:3:      layout_loops_cross, patterned_corridor, uniq_sigmund
Abyss:1:  hangedman_abyss_or_decor_passed

Skill      XL: |  1  2  3  4  5 |
---------------+----------------+-----
Axes           | 4 5 |  5.0
Fighting       | 4 5 |  5.0
Armour         | 3 4 |  4.1
Dodging        | 3 |  3.8

Action                   |  1- 3 |  4- 6 || total
-------------------------+-------+-------++-------
Melee: Hand axe          |    69 |    72 ||   141
       Headbutt          |     6 |    12 ||    18
Invok: Trog's Hand       |       |     4 ||     4
       Berserk           |       |     2 ||     2
Armor: Chain mail        |    40 |    34 ||    74
Dodge: Dodged            |    39 |    33 ||    72
